 Dungeon Crawl Stone Soup version 0.31.0 (webtiles) character file.

Game seed: 10733988662891958685

872 qw the Skirmisher (level 8, -19/49 HPs)
             Began as a Gargoyle Hunter on Jan 20, 2024.
             Demolished by an ogre
             ... wielding a +0 giant club
              (24 damage)
             ... on level 5 of the Dungeon.
             The game lasted 00:00:27 (3819 turns).

qw the Skirmisher (Gargoyle Hunter)                 Turns: 3819, Time: 00:00:28

Health: -19/49     AC: 15    Str: 14 (15) XL:     8   Next: 4%
Magic:  8/8        EV: 10    Int: 10      God:
Gold:   247        SH:  5    Dex: 13 (15) Spells: 7/7 levels left

rFire   + . .        a - +1 shortbow
rCold   . . .        (shield currently unavailable)
rNeg    + + .        c - +1 ring mail {rF+}
rPois   inf          (no helmet)
rElec   +            (no cloak)
rCorr   .            (no gloves)
SInv    .            l - +2 pair of boots
Will    .....        e - amulet of reflection
Stlth   +            n - ring of positive energy
HPRegen 0.28/turn    (no ring)
MPRegen 0.11/turn

%: reflection
@: about to teleport
A: sickness immunity, AC +5, negative energy resistance 1, electricity
resistance, torment resistance 1, petrification resistance
a: no special abilities


You were on level 5 of the Dungeon.
You visited 1 branch of the dungeon, and saw 5 of its levels.

You collected 247 gold pieces.


Innate Abilities, Weirdness & Mutations

You are immune to sickness and miasma.
Your stone body is resilient. (AC +5)
You are immune to poison.
You resist negative energy. (rN+)
You are resistant to electric shocks. (rElec)
You are resistant to unholy torment.
You are immune to petrification.


   Skills:
 - Level 5.0 Fighting
 + Level 8.1 Ranged Weapons
 - Level 3.1 Armour
 - Level 1.5 Dodging
 - Level 1.1 Stealth


You had 7 spell levels left.
You didn't know any spells.
Your spell library was empty.

Inventory:

Hand Weapons
 a - a +1 shortbow (weapon)
Armour
 c - a +1 ring mail of fire resistance (worn)
 g - a +0 pair of gloves
 l - a +2 pair of boots (worn)
Jewellery
 e - an amulet of reflection (around neck)
 n - a ring of positive energy (left hand)
Wands
 f - a wand of mindburst (4)
 k - a wand of flame (41)
 m - a wand of charming (7)
Scrolls
 p - a scroll of blinking {unknown}
Potions
 b - 4 potions of curing
 d - a potion of enlightenment
 h - a potion of resistance
 i - a potion of cancellation {unknown}
 o - a potion of heal wounds {unknown}

Dungeon Overview and Level Annotations

Branches:
Dungeon (5/15)
 Temple: D:4-7

Altars:
Fedhas
Hepliaklqana
Kikubaaqudgha
Ru
Sif Muna
Wu Jian
The Shining One


Message History

Enter note:
Enter note:
Enter note:
3812 ||| RETREEEEATING.
The ufetubus slips past you!
The ufetubus hits you but does no damage.
The ufetubus barely misses you.
Enter note:
Enter note:
Enter note:
Enter note:
3813 ||| RETREEEEATING.
You shoot an arrow. The arrow barely misses the ufetubus.
The ufetubus hits you but does no damage.
The ufetubus closely misses you. The ufetubus hits you.
The ufetubus hits you but does no damage.
You shoot an arrow. The arrow barely misses the ogre.
The ufetubus hits you but does no damage. x2
The ogre hits you but does no damage.
You shoot an arrow. The arrow hits the ogre!
The ogre is moderately wounded.
The ufetubus hits you but does no damage.
The ufetubus hits you. x2
The ufetubus hits you but does no damage.
The ogre hits you with a +0 giant club!
You shoot an arrow. The arrow hits the ogre.
The ogre is moderately wounded.
You block the ufetubus's attack. The ufetubus misses you.
The ufetubus hits you. The ufetubus closely misses you.
The ogre hits you with a +0 giant club!!
Ouch! That really hurt!
3818 ||| READING scroll of teleportation.
As you read the scroll of teleportation, it crumbles to dust.
You feel strangely unstable. The ufetubus slips past you!
You block the ufetubus's attack. The ufetubus barely misses you.
You shoot an arrow. The arrow barely misses the ogre.
The ufetubus hits you but does no damage. x2
The ogre hits you with a +0 giant club!!
You die...

..#...............#
.....#.#.########.##
.......#.#
#...#######
.....###.#
#.......... ######
#.# #...#########
...# #.# #
###.........# ...#
#.# .#. #.#######.#
...#####.#.##.####.#
#.#
.......#........@5.#
#.#
............###O####
#.#
.......###.....o...#
#.#
.......|.#...#..#O.#
#.######
####..#.##...#..#..#
#......# #
#..#.##...#..#..#
######.#
####..#......#.###o#
#.....#
......#####..#.#.#..
# #.##..#
.###.............#.f#
#. #.##...


You could see an ogre, an ufetubus and an orc.

Vanquished Creatures
  Duvessa (D:5)
  An ogre (D:5)
  A kobold brigand (D:5)
  A scorpion (D:4)
  Dowan (D:5)
  3 hounds
  2 orc priests (D:3)
  Ijyb (D:5)
  2 iguanas (D:4)
  3 orc wizards
  Natasha (D:2)
  8 adders
  A shadow imp (D:5)
  14 orcs
  5 ball pythons
  7 bats
  4 endoplasms
  3 giant cockroaches
  6 goblins
  7 hobgoblins
  3 jackals (D:1)
  14 kobolds
  6 quokkas
  4 frilled lizards
  8 rats
107 creatures vanquished.

Vanquished Creatures (collateral kills)
  A jackal (D:1)
  A frilled lizard (D:1)
2 creatures vanquished.

Grand Total: 109 creatures vanquished

Notes
Turn   | Place    | Note
-------+----------+-------------------------------------------
     0 | D:1      | qw the Gargoyle Hunter began the quest for the Orb.
     0 | D:1      | Reached XP level 1. HP: 12/12 MP: 1/1
     0 | D:1      | 0 ||| qw: Version: 0.3-a-132-g3d54051
     0 | D:1      | 0 ||| qw: Game counter: 440
     0 | D:1      | 0 ||| qw: Melee chars always use a shield: true
     0 | D:1      | 0 ||| qw: God list: Okawaru
     0 | D:1      | 0 ||| qw: Allow faded altars: false
     0 | D:1      | 0 ||| qw: Do Orc after clearing Dungeon:15 true
     0 | D:1      | 0 ||| qw: Do second Lair branch before Depths: true
     0 | D:1      | 0 ||| qw: Lair rune preference: random
     0 | D:1      | 0 ||| qw: Goals: Normal
     0 | D:1      | 0 ||| PLANNING D:1-11
   107 | D:1      | 107 ||| READING scroll labelled YCHOMU ENUQ.
   108 | D:1      | 108 ||| DROPPING scroll of butterflies.
   122 | D:1      | Reached XP level 2. HP: 16/17 MP: 2/2
   421 | D:1      | Reached XP level 3. HP: 20/21 MP: 3/3
   474 | D:1      | Reached skill level 5 in Ranged Weapons
   475 | D:1      | 475 ||| UPGRADING to +0 pair of boots.
   480 | D:1      | 480 ||| UPGRADING to amulet of reflection.
   485 | D:1      | 485 ||| READING scroll labelled CAEGAF CUVIVU.
   522 | D:1      | 522 ||| READING scroll labelled DUGAEFOMILU.
   839 | D:2      | Reached skill level 3 in Fighting
   940 | D:2      | Noticed Natasha
   947 | D:2      | 947 ||| RETREEEEATING.
   948 | D:2      | 948 ||| RETREEEEATING.
   949 | D:2      | 949 ||| RETREEEEATING.
   950 | D:2      | 950 ||| RETREEEEATING.
   953 | D:2      | 953 ||| RETREEEEATING.
   963 | D:2      | 963 ||| ZAPPING wand of mindburst (8) at -1,0 (Natasha;
                  | floor).
   964 | D:2      | 964 ||| ZAPPING wand of mindburst (7) at -1,0 (Natasha;
                  | floor).
   964 | D:2      | Killed Natasha
   965 | D:2      | Reached XP level 4. HP: 14/28 MP: 4/4
   965 | D:2      | 965 ||| FLEEEEING.
  1221 | D:2      | 1221 ||| READING scroll labelled YNUTTY WEQIADUL.
  1222 | D:2      | 1222 ||| READING scroll labelled XARO JEBAVUN.
  1222 | D:2      | 1222 ||| ENCHANTING +0 shortbow.
  1223 | D:2      | 1223 ||| DRINKING 2 sedimented green potions.
  1295 | D:3      | HP: 6/28 [orc/+0 mace (5)]
  1296 | D:3      | HP: 1/28 [orc/+0 mace (5)]
  1299 | D:3      | 1299 ||| FLEEEEING.
  1405 | D:3      | Reached XP level 5. HP: 30/32 MP: 5/5
  1536 | D:3      | Reached skill level 6 in Ranged Weapons
  1609 | D:3      | Reached skill level 1 in Armour
  1619 | D:3      | 1619 ||| FLEEEEING.
  1624 | D:3      | 1624 ||| STAIRDANCE
  1673 | D:2      | 1673 ||| READING scroll labelled BIXKU KOGROMM.
  1673 | D:2      | 1673 ||| ENCHANTING +0 pair of boots.
  1674 | D:2      | 1674 ||| READING scroll labelled MIOMIV UMIAMEH.
  1925 | D:3      | Found an ornate altar of the Wu Jian Council.
  1932 | D:3      | 1932 ||| UPGRADING to +2 pair of boots.
  1942 | D:3      | 1942 ||| DROPPING +1 pair of boots.
  1943 | D:3      | 1943 ||| READING scroll labelled DAFI LIFAFFU.
  2068 | D:4      | Reached XP level 6. HP: 38/38 MP: 6/6
  2151 | D:4      | 2151 ||| STAIRDANCE
  2158 | D:4      | 2158 ||| STAIRDANCE
  2168 | D:3      | 2168 ||| FLEEEEING.
  2190 | D:3      | 2190 ||| UPGRADING to +0 ring mail.
  2200 | D:3      | 2200 ||| DROPPING +0 leather armour.
  2204 | D:4      | 2204 ||| STAIRDANCE
  2224 | D:4      | 2224 ||| STAIRDANCE
  2230 | D:3      | 2230 ||| FLEEEEING.
  2240 | D:3      | 2240 ||| STAIRDANCE
  2561 | D:4      | Found a shimmering blue altar of Sif Muna.
  2562 | D:4      | Found a hazy altar of Hepliaklqana.
  2652 | D:4      | Reached skill level 7 in Ranged Weapons
  2652 | D:4      | 2652 ||| FLEEEEING.
  2711 | D:4      | Reached XP level 7. HP: 43/43 MP: 7/7
  2718 | D:4      | 2718 ||| DRINKING bubbling white potion.
  2719 | D:4      | 2719 ||| DRINKING brown potion.
  2720 | D:4      | 2720 ||| DRINKING 2 yellow potions.
  2721 | D:4      | 2721 ||| DRINKING glowing emerald potion.
  2722 | D:4      | 2722 ||| DRINKING smoky green potion.
  2871 | D:4      | 2871 ||| UPGRADING to +1 ring mail of fire resistance.
  2881 | D:4      | 2881 ||| DROPPING +0 ring mail.
  2882 | D:4      | 2882 ||| UPGRADING to ring of positive energy.
  2883 | D:4      | 2883 ||| READING scroll labelled NIRINON VUF.
  2884 | D:4      | 2884 ||| DROPPING potion of attraction.
  2893 | D:5      | Entered Level 5 of the Dungeon
  2980 | D:5      | Noticed Ijyb
  3008 | D:5      | Killed Ijyb
  3019 | D:5      | Reached skill level 8 in Ranged Weapons
  3023 | D:5      | 3023 ||| FLEEEEING.
  3026 | D:5      | 3026 ||| STAIRDANCE
  3112 | D:4      | 3112 ||| READING scroll labelled TUPLAM DIWNU.
  3112 | D:4      | 3112 ||| IDENTIFYING sapphire potion
  3159 | D:5      | Found a glowing golden altar of the Shining One.
  3162 | D:5      | Found an ancient bone altar of Kikubaaqudgha.
  3166 | D:5      | Found a blossoming altar of Fedhas.
  3246 | D:5      | Found a sacrificial altar of Ru.
  3262 | D:5      | 3262 ||| FLEEEEING.
  3317 | D:5      | Noticed Duvessa
  3317 | D:5      | Noticed Dowan
  3328 | D:5      | 3328 ||| ZAPPING wand of flame (18) at 1,0 (Duvessa;
                  | floor).
  3329 | D:5      | 3329 ||| ZAPPING wand of flame (17) at 1,0 (Duvessa;
                  | floor).
  3330 | D:5      | 3330 ||| ZAPPING wand of flame (16) at 1,0 (Duvessa;
                  | floor).
  3331 | D:5      | 3331 ||| ZAPPING wand of flame (15) at 1,0 (Duvessa;
                  | floor).
  3332 | D:5      | 3332 ||| ZAPPING wand of flame (14) at 1,0 (Duvessa;
                  | floor).
  3333 | D:5      | 3333 ||| ZAPPING wand of flame (13) at 1,0 (Duvessa;
                  | floor).
  3334 | D:5      | 3334 ||| ZAPPING wand of flame (12) at 1,0 (Duvessa;
                  | floor).
  3335 | D:5      | 3335 ||| ZAPPING wand of flame (11) at 1,0 (Duvessa;
                  | floor).
  3336 | D:5      | 3336 ||| ZAPPING wand of flame (10) at 1,0 (Duvessa;
                  | floor).
  3337 | D:5      | 3337 ||| ZAPPING wand of flame (9) at 1,0 (Duvessa; floor).
  3338 | D:5      | 3338 ||| ZAPPING wand of flame (8) at 1,0 (Duvessa; floor).
  3339 | D:5      | 3339 ||| ZAPPING wand of flame (7) at 1,0 (Duvessa; floor).
  3339 | D:5      | HP: 8/44 [Duvessa/+0 rapier (8)]
  3340 | D:5      | 3340 ||| READING 2 scrolls of teleportation.
  3341 | D:5      | 3341 ||| ZAPPING wand of flame (6) at 1,0 (Duvessa; floor).
  3342 | D:5      | 3342 ||| ZAPPING wand of flame (5) at 1,0 (Duvessa; floor).
  3343 | D:5      | 3343 ||| FLEEEEING.
  3618 | D:5      | Killed Duvessa
  3619 | D:5      | Reached skill level 3 in Armour
  3619 | D:5      | 3619 ||| ZAPPING wand of mindburst (6) at -1,1 (Dowan;
                  | floor).
  3620 | D:5      | 3620 ||| ZAPPING wand of mindburst (5) at -1,1 (Dowan;
                  | floor).
  3620 | D:5      | Killed Dowan
  3621 | D:5      | Reached XP level 8. HP: 30/49 MP: 8/8
  3621 | D:5      | 3621 ||| FLEEEEING.
  3812 | D:5      | 3812 ||| RETREEEEATING.
  3813 | D:5      | 3813 ||| RETREEEEATING.
  3817 | D:5      | HP: 4/49 [ogre/+0 giant club (25)]
  3818 | D:5      | 3818 ||| READING scroll of teleportation.
  3819 | D:5      | Demolished by an ogre

Levels and vault maps discovered:
D:1:      minmay_arrival_widening_spiral_wide, layout_rooms,
          nicolae_concentric_dashed_squares_mild, palyth_stone_intersect
D:2:      layout_rooms, minmay_misc_feat_more_columns, uniq_natasha
D:3:      layout_basic, nicolae_wu_jian_glorious_leap
D:4:      layout_gridville, minitemple
D:5:      minmay_angry_zag, layout_basic, lemuel_tele_altar,
          grunt_temple_overflow_diamond, minmay_misc_feat_five, uniq_ijyb,
          uniq_duvessa

Skill      XL: |  1  2  3  4  5  6  7 |
---------------+----------------------+-----
Ranged Weapons | 5 6 7 8 |  8.1
Fighting       | 3 4 5 |  5.0
Armour         | 1 3 |  3.1
Dodging        | |  1.5
Stealth        | |  1.1

Action                     |  1- 3 |  4- 6 |  7- 9 || total
---------------------------+-------+-------+-------++-------
   Fire: Shortbow          |   121 |   162 |   135 ||   418
  Evoke: Wand              |     2 |       |    16 ||    18
    Use: Scroll            |     3 |     5 |     4 ||    12
         Potion            |       |     1 |     5 ||     6
 Armour: Leather armour    |    35 |    49 |       ||    84
         Ring mail         |       |    27 |   158 ||   185
  Dodge: Dodged            |    35 |    34 |    76 ||   145
  Block: Other             |     9 |    24 |    38 ||    71
         Reflection        |       |       |     1 ||     1

Table legend:
 A = Non-vault XP
 B = Vault XP
 C = Vault XP percentage of total XP
 D = Non-vault monster count
 E = Vault monster count
 F = Vault count percentage of total count
                 A         B        C        D         E       F
            +---------+---------+-------+---------+---------+-------
      Total |     959 |     287 |  23.0 |     105 |       4 |   3.7
            +---------+---------+-------+---------+---------+-------
        D:1 |      49 |       0 |   0.0 |      30 |       0 |   0.0
        D:2 |      30 |      33 |  52.4 |      13 |       1 |   7.1
        D:3 |     235 |       0 |   0.0 |      30 |       0 |   0.0
        D:4 |     326 |       0 |   0.0 |      19 |       0 |   0.0
        D:5 |     319 |     254 |  44.3 |      13 |       3 |  18.8
            +---------+---------+-------+---------+---------+-------
